 Dungeon Crawl Stone Soup version 0.27.1-3-gb3d3a73c9e (webtiles) character file.

Game seed: 5403590968391323109

242 Metae the Skirmisher (level 6, -1/56 HPs)
             Began as a Hill Orc Fighter on Oct 23, 2021.
             Succumbed to an adder's poison
             ... on level 3 of the Dungeon.
             The game lasted 00:07:41 (2455 turns).

Metae the Skirmisher (Hill Orc Fighter)             Turns: 2455, Time: 00:07:42

Health: -1/56      AC:  7    Str: 21    XL:     6   Next: 9%
Magic:  6/6        EV:  7    Int:  8    God:
Gold:   42         SH:  9    Dex: 10    Spells: 5/5 levels left

rFire    . . .     SeeInvis .   a - +0 war axe
rCold    . . .     Faith    .   c - +0 kite shield
rNeg     . . .     Spirit   .   b - +0 scale mail
rPois    .         Reflect  .   (no helmet)
rElec    .         Harm     .   (no cloak)
rCorr    .         Rampage  .   (no gloves)
Will     .....                  (no boots)
Stlth    ..........             (no amulet)
HPRegen  0.18/turn              (no ring)
MPRegen  0.10/turn              (no ring)

@: lethally poisoned (-1 -> -11), flying
A: no striking features
a: no special abilities


You were on level 3 of the Dungeon.
You visited 1 branch of the dungeon, and saw 3 of its levels.

You collected 42 gold pieces.

Inventory:

Hand Weapons
 a - a +0 war axe (weapon)
Missiles
 f - 17 sling bullets
Armour
 b - a +0 scale mail (worn)
 c - a +0 kite shield (worn)
Scrolls
 g - 3 scrolls of amnesia {unknown}
 h - a scroll of teleportation {unknown}
 i - a scroll of fear {unknown}
 j - a scroll of identify {unknown}
 k - 2 scrolls of immolation {unknown}
 l - a scroll of fog {unknown}
Potions
 d - a potion of might


   Skills:
 + Level 5.0 Fighting
 + Level 4.7 Axes
 + Level 4.6 Armour
 + Level 4.5 Shields


You had 5 spell levels left.
You didn't know any spells.
Your spell library was empty.

Dungeon Overview and Level Annotations

Branches:
Dungeon (3/15)

Altars:

Shops:
D:3 [


Message History

You block the water moccasin's attack. The water moccasin bites you.
You are poisoned.
The water moccasin poisons you!
You hit the water moccasin.
The water moccasin is severely wounded.
You feel very sick.
The water moccasin bites you but does no damage. x2
You block the water moccasin's attack.
You miss the water moccasin.
The water moccasin is severely wounded.
You feel very sick. The water moccasin bites you.
You are lethally poisoned!
The water moccasin poisons you! You block the water moccasin's attack.
You slash the water moccasin!
You kill the water moccasin!
* * * LOW HITPOINT WARNING * * *
You feel extremely sick. The adder bites you.
* * * LOW HITPOINT WARNING * * *
You are more poisoned.
The adder poisons you!
Your Fighting skill increases to level 5!
You have reached level 6!
Your experience leads to an increase in your attributes!
Increase (S)trength, (I)ntelligence, or (D)exterity?
You feel stronger.
It was a potion of flight.
You feel very buoyant.
You fly up into the air.
* * * LOW HITPOINT WARNING * * *
You feel very sick. You block the adder's attack.
The adder bites you but does no damage.
You barely miss the adder.
* * * LOW HITPOINT WARNING * * *
You feel very sick. You block the adder's attack. The adder barely misses you.
You hit the adder.
The adder is heavily wounded.
You die...

#.# #.#.#.#.###.#..P≈≈P≈.
#####.###.#.##.####.#..≈≈≈≈≈.
.......................≈≈≈≈≈.
#####.##.#............≈≈≈≈≈..
#.##.#..##.###....P≈≈≈≈≈.
###.##†#..##.#.......≈≈≈≈≈.
#.<....#..##.#.#...#.≈≈≈P≈.
#.#.####..##.#S#####..≈≈.≈.
#.#.......##.#@# .≈≈≈≈..
#.#####...##.#.# ..≈≈≈.. #.#
#...##.#.# ≈.≈≈≈≈≈ #.#
#...##.#.# P≈≈≈≈≈≈ #>#
#........# .≈≈≈≈≈.
#.######....####
#.........#[# ###.###.#####.#
....# #.# #.#


You could see an adder.

Vanquished Creatures
  A water moccasin (D:3)
  A howler monkey (D:3)
  2 adders (D:2)
  2 worms (D:3)
  2 dart slugs
  6 bats
  5 endoplasms
  12 giant cockroaches
  4 goblins
  4 hobgoblins
  4 jackals (D:1)
  6 kobolds
  2 quokkas
  4 ball pythons (D:2)
  3 frilled lizards
  5 rats
63 creatures vanquished.

Vanquished Creatures (others)
  6 plants (D:3)
6 creatures vanquished.

Grand Total: 69 creatures vanquished

Notes
Turn   | Place    | Note
-------+----------+-------------------------------------------
     0 | D:1      | Metae the Hill Orc Fighter began the quest for the Orb.
     0 | D:1      | Reached XP level 1. HP: 19/19 MP: 1/1
   371 | D:1      | Reached XP level 2. HP: 21/27 MP: 2/2
   769 | D:1      | Reached skill level 4 in Fighting
   775 | D:1      | Reached XP level 3. HP: 33/33 MP: 3/3
  1054 | D:1      | Found a faded altar of an unknown god.
  1054 | D:1      | Noticed a sun demon
  1475 | D:2      | Reached XP level 4. HP: 34/40 MP: 4/4
  2073 | D:3      | Found Jaile's Armour Boutique.
  2081 | D:3      | Reached XP level 5. HP: 42/47 MP: 5/5
  2426 | D:3      | Noticed a water moccasin
  2452 | D:3      | Killed a water moccasin
  2453 | D:3      | Reached skill level 5 in Fighting
  2453 | D:3      | Reached XP level 6. HP: 11/56 MP: 6/6
  2454 | D:3      | HP: 2/56 [poisoned by an adder]
  2455 | D:3      | Succumbed to an adder's poison

Illustrated notes

Levels and vault maps discovered:
D:1:      dpeg_arrival_tiny_h, layout_basic,
          dreamdust_ecumenical_altar_sealed_demon,
          chequers_serial_rivers_small_b, chequers_avenue
D:2:      minmay_roachtagon, layout_basic
D:3:      layout_loops_ring, serial_shops, shop_coins, nicolae_shop_trees,
          nicolae_shop_trees, chequers_big_river

Skill      XL: |  1  2  3  4  5 |
---------------+----------------+-----
Axes           | 3 4 |  4.7
Fighting       | 4 5 |  5.0
Armour         | 4 |  4.6
Shields        | 4 |  4.5

Action                   |  1- 3 |  4- 6 || total
-------------------------+-------+-------++-------
Melee: War axe           |   126 |    67 ||   193
  Use: Potion            |       |     1 ||     1
Armor: Scale mail        |    89 |    21 ||   110
Dodge: Dodged            |    46 |    24 ||    70
Block: Kite shield       |    72 |    49 ||   121
